 Dungeon Crawl Stone Soup version 0.22-a0-460-g49b1da7e92 (webtiles) character file.

358 Soveliss the Chopper (level 6, -8/57 HPs)
             Began as a Naga Fighter on June 9, 2018.
             Mangled by Oravi's ghost (18 damage)
             ... on level 3 of the Dungeon.
             The game lasted 00:05:10 (2917 turns).

Soveliss the Chopper (Naga Fighter)                 Turns: 2917, Time: 00:05:11

Health: -8/57      AC:  6    Str: 20    XL:     6   Next: 64%
Magic:  6/6        EV:  5    Int:  9    God:
Gold:   131        SH:  8    Dex: 10    Spells: 5/5 levels left

rFire    . . .     SeeInvis +   a - +0 war axe
rCold    . . .     Gourm    .   c - +0 shield
rNeg     . . .     Faith    .   b - +0 scale mail
rPois    +         Spirit   .   A - +0 helmet
rElec    .         Reflect  .   (no cloak)
rCorr    .         Harm     .   (no gloves)
MR       .....                  (no barding)
Stlth    ..........             (no amulet)
HPRegen  0.19/turn              m - ring of flight
MPRegen  0.10/turn              (no ring)

@: very slow
A: large, see invisible, deformed body, poison resistance, slowness 2, slow
metabolism 1, spit poison 1, AC +2
a: Spit Poison, Evoke Flight


You were on level 3 of the Dungeon.
You were not hungry.

You visited 1 branch of the dungeon, and saw 3 of its levels.

You collected 131 gold pieces.

Inventory:

Hand Weapons
 a - a +0 war axe (weapon)
 w - a +0 blowgun
 y - a +2 flail of protection
Missiles
 s - 8 tomahawks of returning (quivered)
 x - 2 poisoned needles
 z - 8 javelins
Armour
 b - a +0 scale mail (worn)
 c - a +0 shield (worn)
 A - a +0 helmet (worn)
Jewellery
 m - a ring of flight (left hand)
 r - a cursed ring of teleportation {unknown}
Scrolls
 e - 6 scrolls of identify {unknown}
 g - a scroll of blinking {unknown}
 j - 2 scrolls of magic mapping {unknown}
 l - 3 scrolls of teleportation {unknown}
 p - a scroll of fear {unknown}
 q - a scroll of fog {unknown}
 v - a scroll of amnesia {unknown}
Potions
 d - a potion of brilliance {unknown}
 h - a potion of haste {unknown}
 i - 3 potions of mutation {unknown}
 k - a potion of magic {unknown}
 n - a potion of ambrosia {unknown}
 o - 2 potions of heal wounds {unknown}
 u - a potion of curing {unknown}
Comestibles
 f - 8 rations


   Skills:
 + Level 4.3 Fighting
 * Level 6.1 Axes
 - Level 2.4 Armour
 - Level 2.4 Shields


You had 5 spell levels left.
You didn't know any spells.
Your spell library was empty.

Dungeon Overview and Level Annotations

Branches:
Dungeon (3/15)

Altars:

Annotations:
D:3 Oravi's ghost, amateur TeAE


Innate Abilities, Weirdness & Mutations

You cannot wear boots.
Your serpentine skin is tough. (AC +2)
You have supernaturally acute eyesight. (SInv)
Armour fits poorly on your strangely shaped body.
Your system is resistant to poisons. (rPois)
You cover ground very slowly.
You have a slow metabolism.
You can spit poison.


Message History

Oravi's ghost is heavily damaged.
Oravi's ghost hits you!
You hit Oravi's ghost.
Oravi's ghost is heavily damaged.
Oravi's ghost says, "I'm really charged up about this fight."
Oravi's ghost hits you.
You closely miss Oravi's ghost.
Oravi's ghost is heavily damaged.
Oravi's ghost hits you!
You are electrocuted!
Oravi's ghost casts a spell.
You are struck by lightning.
* * * LOW HITPOINT WARNING * * *
The lightning arcs!
Oravi's ghost is struck by lightning.
The lightning arcs!
You are struck by lightning.
* * * LOW HITPOINT WARNING * * *
The lightning grounds out.
Oravi's ghost hits you.
* * * LOW HITPOINT WARNING * * *
You are electrocuted!
You die...

#.....###.#.#.###################
............#.......#
..#######.#########.# #########
..'..).........#..#.# #........
..#######'##...#..#.#####)######.
..# #.......#........#.#....#÷
†.# #.......#.##.###.#.#.##.#.
÷.######.....#.#W...# #.#.#....#.
#......#.....#.#@#### #.#.#.####.
#......#.....#.#'### #.#)#......
#......##+####.....####.#.#....##
##..##.....# #.....'>...#.####.#
##.##.....# #.....######.#..(.#
#..#.....# #.....'......#.####
##.#.....####....#...####(#####
#.......##......'...'.........
##......##.######...####.#####


You could see Oravi's ghost.

Vanquished Creatures
  Sigmund (D:2)
  Natasha (twice) (D:2)
  An orc wizard (D:3)
  Robin (D:3)
  2 adders
  An ooze (D:1)
  A worm (D:2)
  A dart slug (D:1)
  4 leopard geckos
  3 orcs (D:3)
  5 bats
  2 giant cockroaches
  19 goblins
  5 hobgoblins
  11 jackals
  2 ball pythons
  A frilled lizard (D:1)
  5 kobolds
  11 rats
78 creatures vanquished.

Notes
Turn   | Place    | Note
-------+----------+-------------------------------------------
     0 | D:1      | Soveliss the Naga Fighter began the quest for the Orb.
     0 | D:1      | Reached XP level 1. HP: 21/21 MP: 1/1
    98 | D:1      | Reached XP level 2. HP: 27/28 MP: 2/2
   289 | D:1      | Reached XP level 3. HP: 34/34 MP: 3/3
   302 | D:1      | Reached skill level 3 in Axes
   953 | D:2      | Noticed Sigmund
   962 | D:2      | Killed Sigmund
   962 | D:2      | Reached skill level 5 in Axes
   962 | D:2      | Reached XP level 4. HP: 14/44 MP: 4/4
   962 | D:2      | Reached XP level 5. HP: 16/50 MP: 5/5
  1548 | D:2      | Noticed Natasha
  1555 | D:2      | Killed Natasha
  1555 | D:2      | Reached XP level 6. HP: 46/57 MP: 6/6
  1666 | D:2      | Noticed Natasha
  1672 | D:2      | Killed Natasha
  1885 | D:3      | Noticed Oravi's ghost (amateur TeAE)
  2501 | D:3      | Reached skill level 6 in Axes
  2504 | D:3      | Noticed Robin
  2523 | D:3      | Killed Robin
  2917 | D:3      | Mangled by Oravi's ghost

Vault maps used:
D:1:      lightli_arrival_statuegarden, grunt_decor_one_mirror,
          minmay_stone_trees_small, minmay_hedge_maze
D:2:      minmay_domino_2, uniq_sigmund, uniq_natasha
D:3:      first_ration, dk_noncrumbling_3, kennysheep_generic_room_11,
          uniq_robin

Skill      XL: |  1  2  3  4  5  6 |
---------------+-------------------+-----
Axes           | 5 6 |  6.1
Fighting       | 4 |  4.3
Armour         | |  2.4
Shields        | |  2.4

Action                   |  1- 3 |  4- 6 || total
-------------------------+-------+-------++-------
Melee: War axe           |    58 |   131 ||   189
 Abil: Spit Poison       |     4 |     3 ||     7
  Use: Potion            |     1 |       ||     1
  Eat: Chunk             |       |     5 ||     5
Armor: Scale mail        |    17 |    71 ||    88
Dodge: Dodged            |    11 |    30 ||    41
Block: Shield            |    27 |    68 ||    95

Table legend:
 A = Spawn XP
 B = Non-spawn XP
 C = Spawn XP percentage of total XP
 D = Spawn monster count
 E = Non-spawn monster count
 F = Spawn count percentage of total count
 G = Total turns spent on level
                    A         B        C        D         E        F      G
               +---------+---------+-------+---------+---------+-------+---------
         Total |       0 |     512 |   0.0 |       0 |      78 |   0.0 |  2917
               +---------+---------+-------+---------+---------+-------+---------
           D:1 |       0 |      38 |   0.0 |       0 |      20 |   0.0 |   633
           D:2 |       0 |     334 |   0.0 |       0 |      15 |   0.0 |  1419
           D:3 |       0 |     140 |   0.0 |       0 |      43 |   0.0 |   865
               +---------+---------+-------+---------+---------+-------+---------
